 Dungeon Crawl Stone Soup version 0.16.2-12-gd0ad4c3 (webtiles) character file.

118 magipi the Chopper (level 5, -1/41 HPs)
             Began as a Ghoul Gladiator on Aug 5, 2016.
             Slain by a worm (2 damage)
             ... on level 4 of the Dungeon.
             The game lasted 00:08:58 (1439 turns).

magipi the Chopper (Ghoul Gladiator)                Turns: 1439, Time: 00:08:58

Health: -1/41      AC:  7    Str: 19    XL:     5   Next: 2%
Magic:  4/4        EV: 10    Int:  3    God:
Gold:   122        SH:  0    Dex: 13    Spells: 0 memorised, 4 levels left

rFire  . . .     SeeInvis .     a - +0 war axe
rCold  + . .     Clarity  .     r - +0 scale mail
rNeg   + + +     SustAb   .     (no shield)
rPois  ∞         Gourm    .     c - +0 helmet
rElec  .         Spirit   .     (no cloak)
rCorr  .         Warding  .     (no gloves)
rMut   .         Stasis   .     (no boots)
MR     .....                    (no amulet)
Stlth  ..........               (no ring)
                                q - +3 ring of dexterity

@: rotting, not resistant to hostile enchantments, extremely unstealthy
A: rotting body, claws 1, carnivore 3, cold resistance 1, negative energy
resistance 3, poison resistance, slow healing 1, torment resistance, unbreathing
a: no special abilities


You were on level 4 of the Dungeon.
You were not hungry.

You visited 1 branch of the dungeon, and saw 4 of its levels.

You collected 122 gold pieces.

Inventory:

Hand weapons
 a - a +0 war axe (weapon)
Missiles
 d - 2 throwing nets (quivered)
 p - 3 tomahawks
 t - 3 silver javelins
Armour
 c - a +0 helmet (worn)
 r - a +0 scale mail (worn)
Jewellery
 m - an uncursed amulet of stasis
 q - a +3 ring of dexterity (left claw)
Scrolls
 e - 4 scrolls of identify {unknown}
 g - a scroll of recharging {unknown}
 o - a scroll of teleportation {unknown}
 s - a scroll of random uselessness {unknown}
Potions
 b - a potion of poison {unknown}
 i - 3 potions of curing {unknown}
 k - a potion of mutation {unknown}
 l - a potion of heal wounds {unknown}
Books
 u - a book of the Earth

   Spells                             Type                      Level
   a - Leda's Liquefaction            Hexes/Earth                  4
   b - Bolt of Magma                  Conjuration/Fire/Earth       5
   c - Statue Form                    Transmutation/Earth          6
   d - Iron Shot                      Conjuration/Earth            6
   e - Shatter                        Earth                        9
Comestibles
 f - a meat ration
 h - a slice of pizza
 j - a beef jerky
 n - 6 chunks of flesh


   Skills:
 - Level 2.1 Fighting
 * Level 4.3 Axes
 + Level 2.9 Throwing
 - Level 2.6 Dodging


You had 4 spell levels left.
You didn't know any spells.

Dungeon Overview and Level Annotations

Branches:
Dungeon (4/15)
 Temple: D:4-7

Altars:
Zin


Innate Abilities, Weirdness & Mutations

Your body is rotting away.
You thrive on raw meat.
You have sharp fingernails.
You are carnivorous and can eat meat at any time.
Your flesh is cold resistant.
You are immune to negative energy.
Your system is resistant to poisons.
You heal slowly when monsters are visible.
You are immune to unholy pain and torment.
You can survive without breathing.

Vault maps used:
D:1:      lightli_arrival_boilingwater
D:2:      nicolae_overflow_crystal_walls
D:3:      first_bread, minmay_misc_feat_square, hangedman_decor_peaks_small,
          roderic_chinese_pattern_swastika
D:4:      cheibriados_altar_1, uniq_blork_the_orc, uniq_edmund


Message History

Things that are here:
a long sword; an embroidered robe; the orc corpse of Blork the orc You butcher the orc corpse of Blork the orc.
n - 7 chunks of flesh (gained 3)
Things that are here:
a long sword; an embroidered robe Eat one of 7 chunks of flesh? (ye/n/q/i?) This raw flesh tastes great!
You continue eating.
HP restored.
You continue eating.
u - a book of the Earth
Things that are here:
a long sword; an embroidered robe You see here a glowing falchion.
An orc priest comes into view. It is wielding a flail.
The orc priest shouts!
An orc comes into view. It is wielding a club.
You start waiting.
A worm and an orc come into view.
The orc shouts!
The worm moves out of view.
The orc priest barely misses you.
Unknown command.
You slash the orc priest!
The orc priest is heavily wounded.
The orc priest hits you with a flail.
You closely miss the orc priest.
The orc priest is heavily wounded.
The orc priest hits you with a flail.
Unknown command.
You closely miss the orc priest.
The orc priest is heavily wounded.
You slash the orc!
You kill the orc!
The orc priest hits you but does no damage.
Unknown command.
You completely miss the orc priest.
The orc priest is heavily wounded.
The orc priest hits you with a flail.
Unknown command.
You closely miss the orc priest.
The orc priest is heavily wounded.
The orc priest barely misses you.
Unknown command.
You closely miss the orc priest.
The orc priest is heavily wounded.
The orc priest hits you with a flail.
You closely miss the orc priest.
The orc priest is heavily wounded.
You barely miss the worm.
The orc priest hits you but does no damage.
The worm barely misses you.
Unknown command.
Your scale mail prevents you from hitting the orc priest.
The orc priest is heavily wounded.
You hit the worm.
The worm is lightly wounded.
The orc priest hits you with a flail. The orc hits you with a club.
The worm bites you.
* * * LOW HITPOINT WARNING * * *
Unknown command.
You hit the orc priest but do no damage.
The orc priest is heavily wounded.
You hit the orc.
The orc is lightly wounded.
You hit the worm.
The worm is moderately wounded.
The orc priest hits you but does no damage.
The orc closely misses you.
You hit the orc priest.
The orc priest is almost dead.
You hit the orc but do no damage.
The orc is lightly wounded.
You hit the worm but do no damage.
The worm is moderately wounded.
The orc priest barely misses you. The worm bites you.
* * * LOW HITPOINT WARNING * * *
The orc hits you but does no damage.
You barely miss the orc priest.
The orc priest is almost dead.
You hit the worm.
The worm is heavily wounded.
You hit the orc.
The orc is heavily wounded.
The orc priest closely misses you. The orc hits you but does no damage.
The worm barely misses you.
Unknown command.
You barely miss the orc priest.
The orc priest is almost dead.
You hit the orc but do no damage.
The orc is heavily wounded.
You slash the worm!
The worm is severely wounded.
The orc priest hits you with a flail.
* * * LOW HITPOINT WARNING * * *
The orc hits you with a club.
* * * LOW HITPOINT WARNING * * *
The worm bites you.
You die...

# o .# .... #.##
#. ..## #..##
#... #..# #..#
#..# #..##..##
..# #..#...##
#..#
#woo)...####...#
##.@......##..#
#..........).##
....#..####...##
..#####..####...#
##.....<..#
#........#
######....#
#.....# ..###...


You could see a worm, an orc priest and an orc.

Table legend:
 A = Kills in this place as a percentage of kills in entire the game.
 B = Kills by you in this place as a percentage of kills by you in the entire game.
 C = Kills by friends in this place as a percentage of kills by friends in the entire game.
 D = Other kills in this place as a percentage of other kills in the entire game.
 E = Experience gained in this place as a percentage of experience gained in the entire game.
 F = Experience gained in this place divided by the number of levels of this place that you have seen.
                   A       B       C       D       E      F
               +-------+-------+-------+-------+-------+----------------------
         Total | 100.0 | 100.0 |  -nan |  -nan | 100.0 |  42.2
       Dungeon | 100.0 | 100.0 |  -nan |  -nan | 100.0 |  42.2
               +-------+-------+-------+-------+-------+----------------------

Vanquished Creatures
  Blork the orc (D:4)
  2 giant geckos
  7 orcs
  3 bats
  A giant cockroach (D:2)
  6 hobgoblins
  A jackal (D:1)
  5 kobolds (D:1)
  A quokka (D:2)
  A ball python (D:1)
  3 giant newts (D:1)
  7 goblins
  6 rats
44 creatures vanquished.

Notes
Turn   | Place    | Note
--------------------------------------------------------------
     0 | D:1      | magipi, the Ghoul Gladiator, began the quest for the Orb.
     0 | D:1      | Reached XP level 1. HP: 17/17 MP: 1/1
    43 | D:1      | Reached skill level 3 in Axes
    77 | D:1      | Reached XP level 2. HP: 16/24 MP: 2/2
   308 | D:1      | Reached XP level 3. HP: 26/29 MP: 3/3
   534 | D:2      | Found a glowing silver altar of Zin.
   946 | D:3      | HP: 1/27 [orc/hand axe (5)]
  1386 | D:4      | Noticed Blork the orc
  1402 | D:4      | Killed Blork the orc
  1402 | D:4      | Reached skill level 4 in Axes
  1402 | D:4      | Reached XP level 4. HP: 28/36 MP: 3/3
  1402 | D:4      | Reached XP level 5. HP: 31/41 MP: 4/4
  1439 | D:4      | HP: 1/41 [orc/club (4)]
  1439 | D:4      | Slain by a worm

Action                   |  1- 3 |  4- 6 || total
-------------------------+-------+-------++-------
Melee: War axe           |   122 |    12 ||   134
Throw: Throwing net      |     2 |       ||     2
  Eat: Chunk             |    11 |     1 ||    12

Action                   |  1- 3 |  4- 6 || total
-------------------------+-------+-------++-------
Melee: War axe           |   122 |    12 ||   134
Throw: Throwing net      |     2 |       ||     2
  Eat: Chunk             |    11 |     1 ||    12

Action                   |  1- 3 |  4- 6 || total
-------------------------+-------+-------++-------
Melee: War axe           |   122 |    12 ||   134
Throw: Throwing net      |     2 |       ||     2
  Eat: Chunk             |    11 |     1 ||    12
